 Dungeon Crawl Stone Soup version 0.17.0-28-g6e173f8 (webtiles) character file.

379 dohliylev the Covert (level 6, -10/44 HPs)
             Began as a Vampire Assassin on Nov 27, 2015.
             Killed by divine providence
             ... invoked by an orc priest
              (15 damage)
             ... on level 4 of the Dungeon.
             The game lasted 00:16:56 (2978 turns).

dohliylev the Covert (Vampire Assassin)             Turns: 2978, Time: 00:16:56

Health: -10/44     AC:  9    Str: 10    XL:     6   Next: 45%
Magic:  6/6        EV: 13    Int: 14    God:
Gold:   176        SH:  0    Dex: 17    Spells: 0 memorised, 5 levels left

rFire  . . .     SeeInvis +     b - +0 blowgun
rCold  + . .     Clarity  .     z - +0 robe
rNeg   + + .     SustAt   .     (no shield)
rPois  +         Gourm    .     h - +1 helmet
rElec  .         Spirit   .     D - +1 cloak {rPois}
rCorr  .         Warding  .     s - +2 pair of gloves
rMut   .         Stasis   .     (no boots)
MR     .....                    (no amulet)
Stlth  ++++++....               (no ring)
                                (no ring)

@: regenerating slowly, not resistant to hostile enchantments, very stealthy
A: fangs 3, see invisible, unbreathing
a: Bat Form


You were on level 4 of the Dungeon.
You were thirsty.

You visited 1 branch of the dungeon, and saw 4 of its levels.

You collected 176 gold pieces.

Inventory:

Hand Weapons
 a - a +2 dagger
 b - a +0 blowgun (weapon)
Missiles
 e - 3 poisoned needles (quivered)
 f - 2 curare-tipped needles
 v - a throwing net
 E - 5 tomahawks
Armour
 h - a +1 helmet (worn)
 s - a +2 pair of gloves (worn)
 z - a +0 robe (worn)
 D - a +1 cloak of poison resistance (worn)
Scrolls
 d - a scroll of noise {unknown}
 k - a scroll of enchant armour {unknown}
 m - a scroll of blinking {unknown}
 o - 2 scrolls of remove curse {unknown}
 q - a scroll of recharging {unknown}
 r - a scroll of immolation {unknown}
 t - a scroll of teleportation {unknown}
 y - a scroll of magic mapping {unknown}
 B - a scroll of fear {unknown}
 F - a scroll of enchant weapon {unknown}
Potions
 c - a potion of cancellation {unknown}
 g - 27 potions of blood
 i - a potion of magic {unknown}
 j - 2 potions of mutation {unknown}
 l - 2 potions of curing {unknown}
 n - 2 potions of ambrosia {unknown}
 p - a potion of agility {unknown}
 u - a potion of poison {unknown}
 w - a potion of resistance {unknown}
 x - a potion of heal wounds {unknown}
 A - a potion of haste {unknown}
 C - a potion of flight {unknown}


   Skills:
 + Level 2.2 Fighting
 + Level 2.7 Short Blades
 + Level 1.9 Throwing
 + Level 2.6 Dodging
 * Level 10.5 Stealth


You had 5 spell levels left.
You didn't know any spells.

Dungeon Overview and Level Annotations

Branches:
Dungeon (4/15)
 Temple: D:4-7

Altars:
Kikubaaqudgha
Okawaru
Ru

Shops:
D:4 %


Innate Abilities, Weirdness & Mutations

You heal slowly.
You have razor-sharp teeth.
You have supernaturally acute eyesight.
You can survive without breathing.


Message History

Firing (i - inventory. (,) - cycle):
e - 5 poisoned needles (quivered)
Press: ? - help, Shift-Dir - straight line, f/p - orc priest
Aim: an orc priest (moderately wounded)
You shoot a poisoned needle.
The poisoned needle completely misses the orc priest.
Firing (i - inventory. (,) - cycle):
e - 4 poisoned needles (quivered)
Press: ? - help, Shift-Dir - straight line, f/p - orc priest
Aim: an orc priest (moderately wounded)
You shoot a poisoned needle.
The poisoned needle hits the orc priest!
The orc priest is poisoned.
The orc priest is moderately wounded.
The orc priest casts a cantrip, but nothing happens.
The orc priest mumbles some strange prayers to Beogh against you.
Pain shoots through your body!
* * * LOW HITPOINT WARNING * * *
Found a runed mace.
The orc priest calls down the wrath of Beogh upon you.
Something smites you!
You die...

.....#..∩...(.#..#
#......######.#..#
####.########.#.)#
..............#..#
.#.......######..#
<........# #..#
##......o######..#
...(......o......#
###..###########@#
..................#
###..###########.##
.....# #.# .###.#
### .....# ..##.#
#....# #....#


You could see an orc priest.

Vanquished Creatures
  A giant frog (D:4)
  A hound (D:4)
  Crazy Yiuf (D:3)
  An orc priest (D:4)
  An iguana (D:3)
  A worker ant (D:4)
  A gnoll (D:1)
  8 adders
  An ooze (D:2)
  An adder zombie (D:3)
  2 worms (D:3)
  A giant gecko (D:3)
  4 orcs (D:4)
  2 ball pythons
  6 hobgoblins
  10 jackals
  2 quokkas
  7 bats
  8 giant cockroaches
  A giant newt (D:1)
  6 goblins
  8 kobolds
  11 rats
85 creatures vanquished.

Notes
Turn   | Place    | Note
--------------------------------------------------------------
     0 | D:1      | dohliylev the Vampire Assassin began the quest for the Orb.
     0 | D:1      | Reached XP level 1. HP: 16/16 MP: 1/1
    54 | D:1      | Reached skill level 6 in Stealth
   237 | D:1      | Reached XP level 2. HP: 22/22 MP: 2/2
   604 | D:1      | Reached skill level 7 in Stealth
   620 | D:1      | Reached XP level 3. HP: 25/27 MP: 3/3
  1272 | D:2      | Reached skill level 8 in Stealth
  1272 | D:2      | Reached XP level 4. HP: 33/33 MP: 4/4
  1795 | D:3      | HP: 1/33 [iguana (9)]
  1801 | D:3      | Reached skill level 9 in Stealth
  1801 | D:3      | Reached XP level 5. HP: 1/38 MP: 5/5
  1910 | D:3      | Found an iron altar of Okawaru.
  1910 | D:3      | Found an ancient bone altar of Kikubaaqudgha.
  1949 | D:3      | Found a sacrificial altar of Ru.
  2306 | D:3      | Noticed Crazy Yiuf
  2312 | D:3      | Killed Crazy Yiuf
  2731 | D:4      | Reached skill level 10 in Stealth
  2742 | D:4      | Reached XP level 6. HP: 42/44 MP: 6/6
  2867 | D:4      | Found Wecid's Food Boutique.
  2978 | D:4      | Killed from afar by an orc priest

Action                   |  1- 3 |  4- 6 || total
-------------------------+-------+-------++-------
Melee: Dagger            |    96 |   126 ||   222
 Fire: Blowgun           |     3 |    12 ||    15
 Abil: End Transformatio |       |     1 ||     1
       Bat Form          |       |     1 ||     1
 Stab: Sleeping          |    18 |    24 ||    42
       Distracted        |       |     1 ||     1
  Eat: Corpse            |       |     4 ||     4
